 Dungeon Crawl Stone Soup version 0.30.0-29-ga12c61a403 (webtiles) character file.

Game seed: 14840207321952507478

15141 Peloso the Protected (level 11, -1/99 HPs)
             Began as a Minotaur Fighter on June 24, 2023.
             Was a High Priest of Okawaru.
             Killed by vampiric draining
             ... invoked by Josephine
              (8 damage)
             ... on level 12 of the Dungeon.
             The game lasted 00:24:57 (12660 turns).

Peloso the Protected (Minotaur Fighter)            Turns: 12660, Time: 00:24:58

Health: -1/99      AC: 19    Str: 23    XL:     11   Next: 97%
Magic:  0/11       EV: 10    Int:  5    God:    Okawaru [*****.]
Gold:   526        SH: 10    Dex: 12    Spells: 10/10 levels left

rFire   . . .        c - +5 Force Lance {heavy, knockback}
rCold   . . .        d - +0 kite shield {AC+3}
rNeg    + . .        C - +0 chain mail
rPois   .            (helmet restricted)
rElec   .            j - +0 cloak
rCorr   .            I - +1 pair of gloves
SInv    .            (no boots)
Will    .....        H - amulet of guardian spirit Stlth
                     r - ring of positive energy
HPRegen 0.36/turn    (no ring)
MPRegen 0.12/turn

%: guardian spirit
@: slowed, very slow
A: horns 2, retaliatory headbutt
a: Renounce Religion, Heroism, Finesse, Duel


You were on level 12 of the Dungeon.
You worshipped Okawaru.
Okawaru was extremely pleased with you.
You visited 2 branches of the dungeon, and saw 13 of its levels.

You collected 687 gold pieces.
You spent 161 gold pieces at shops.

Inventory:

Hand Weapons
 a - a +4 scimitar of flaming
 b - a +1 heavy long sword
 c - the +5 Force Lance (weapon) {heavy, knockback}
   (You found it on level 6 of the Dungeon)
Armour
 d - a +0 kite shield of protection (worn)
 j - a +0 cloak (worn)
 y - +0 swamp dragon scales
 C - a +0 chain mail (worn)
 I - a +1 pair of gloves (worn)
Jewellery
 h - a ring of fire
 m - a ring of ice
 r - a ring of positive energy (left hand)
 u - a ring of wizardry
 H - an amulet of guardian spirit (around neck)
Wands
 i - a wand of flame (49)
 s - a wand of iceblast (13)
 G - a wand of paralysis (7)
Scrolls
 f - 3 scrolls of silence
 o - 3 scrolls of identify
 q - a scroll of enchant weapon
 t - 5 scrolls of fear
 v - a scroll of immolation
 x - a scroll of amnesia
 z - 2 scrolls of fog
 A - 2 scrolls of magic mapping
 D - a scroll of brand weapon
 E - a scroll of poison
 F - a scroll of enchant armour {unknown}
Potions
 e - 5 potions of brilliance
 g - a potion of mutation
 k - a potion of magic
 l - 3 potions of berserk rage
 n - a potion of might
 p - a potion of haste
 w - 2 potions of ambrosia
 B - 2 potions of curing
Miscellaneous
 J - a phial of floods


   Skills:
 + Level 10.0 Fighting
 + Level 9.4 Long Blades
 + Level 10.4 Polearms
 + Level 12.9 Armour
 + Level 5.8 Dodging
 + Level 1.4 Stealth
 + Level 8.9 Shields
 + Level 1.9 Invocations


You had 10 spell levels left.
You didn't know any spells.
Your spell library contained the following spells:

 Spells                   Type           Power      Damage    Failure   Level
 Apportation              Tloc           0%         N/A       98%         1
 Beastly Appendage        Tmut           0%         N/A       98%         1
 Magic Dart               Conj           0%         1d3       98%         1
 Necrotise                Necr           0%         1d4       98%         1
 Shock                    Conj/Air       0%         1d3       98%         1
 Cigotuvi's Dreadful Rot  Necr/Pois/Air  0%         N/A       99%         2
 Wereblood                Tmut           0%         N/A       99%         2
 Gell's Gravitas          Tloc           0%         N/A       100%        3
 Ignite Poison            Fire/Tmut/Pois 0%         N/A       100%        3
 Mephitic Cloud           Conj/Pois/Air  0%         N/A       100%        3
 Spider Form              Tmut/Pois      0%         N/A       100%        3
 Swiftness                Air            0%         N/A       100%        3
 Teleport Other           Tloc           0%         N/A       100%        3
 Vampiric Draining        Necr           0%         2d6       100%        3
 Airstrike                Air            0%         2d(0-16)  100%        4
 Sticky Flame             Conj/Fire      0%         2d3       100%        4
 Agony                    Necr           0%         N/A       100%        5
 Fireball                 Conj/Fire      0%         3d3       100%        5
 Freezing Cloud           Conj/Ice/Air   0%         6-21      100%        5
 Iskenderun's Battlesphe  Conj           0%         2d6       100%        5
 Conjure Ball Lightning   Conj/Air       0%         3x3d6     100%        6
 Dispersal                Tloc           0%         N/A       100%        6
 Orb of Destruction       Conj           0%         9d5       100%        7
 Ignition                 Fire           0%         3d3       100%        8
 Summon Small Mammal      Summ           Unusable   N/A       N/A         1
 Call Imp                 Summ           Unusable   N/A       N/A         2

Dungeon Overview and Level Annotations

Branches:
Dungeon (12/15)            Temple (1/1) D:5            Lair (0/5) D:11
    Orc (0/2) D:11

Altars:
Ashenzari
Cheibriados
Dithmenos
Elyvilon
Fedhas
Gozag
Hepliaklqana
Kikubaaqudgha
Makhleb
Nemelex Xobeh
Okawaru
Qazlal
Ru
Sif Muna
Trog
Uskayaw
Vehumet
Wu Jian
Xom
Yredelemnul
Zin
The Shining One

Shops:
D:7 (   D:9 [   D:11 [[

Annotations:
D:1 dig
D:12 Josephine


Innate Abilities, Weirdness & Mutations

You have a pair of horns on your head.
You reflexively headbutt those who attack you in melee.


Message History

The vampire mosquito is almost destroyed.
The vampire mosquito bites you.
* * * LOW HITPOINT WARNING * * *
The wraith closely misses you.
You block the vampire mosquito's attack.
The vampire mosquito bites you but does no damage.
You closely miss the vampire mosquito. You headbutt the vampire mosquito.
You destroy the vampire mosquito!
Okawaru accepts your kill. The vampire mosquito bites you.
* * * LOW HITPOINT WARNING * * *
The vampire mosquito draws strength from your injuries!
The vampire mosquito bites you.
* * * LOW HITPOINT WARNING * * *
The wraith barely misses you. You furiously retaliate!
You headbutt the wraith, but do no damage.
Josephine barely misses you.
The vampire mosquito bites you but does no damage.
The wraith closely misses you. Josephine barely misses you.
You block the wraith's attack.
Your Fighting skill increases to level 10!
You hit Josephine.
Josephine is severely wounded.
You block the vampire mosquito's attack.
The vampire mosquito misses you. You furiously retaliate!
You headbutt the vampire mosquito, but do no damage.
You block the wraith's attack. Josephine hits you with a +0 dagger!
* * * LOW HITPOINT WARNING * * *
The wraith closely misses you. The vampire mosquito barely misses you.
You barely miss Josephine. Your headbutt misses Josephine.
Josephine is severely wounded.
The vampire mosquito bites you but does no damage.
The wraith closely misses you.
You block the vampire mosquito's attack.
You block Josephine's attack. The wraith hits you!
* * * LOW HITPOINT WARNING * * *
You block the wraith's attack.
The vampire mosquito bites you but does no damage.
Josephine draws life force from you!
You die...

...........#...#....# #........
...........#...#....# #........
.....).....#...#....# .#........
...........#...#....# ..#........
#######....#...######..######....
..........)............#.........
.......................#.........
.................W.....#.........
.<.............W@y.....######....
.............)..†@...... #....
........................ #....
........................ #....
.......................# #....
.......................# #####
.......................#
.......................# .....
.................


You could see Josephine, 2 wraiths and a vampire mosquito.

Vanquished Creatures
  Fannar (D:10)
  Erica (D:10)
  A boulder beetle (D:11)
  Pikel (D:5)
  2 manticores (D:11)
  3 cyclopes
  Maurice (D:10)
  A kobold demonologist (D:12)
  Maggie (D:6)
  An unseen horror (D:11)
  A komodo dragon (D:11)
  3 trolls
  A shadow (D:11)
  Sigmund (D:6)
  4 wraiths
  14 yaks
  Eustachio (D:4)
  2 vampires
  3 wyverns
  3 steam dragons (D:9)
  2 vampire mosquitoes (D:12)
  Menkaure (D:4)
  2 acid dragons
  Duvessa (D:4)
  A water moccasin (D:9)
  2 orc warriors
  An ice beast (D:8)
  4 sky beasts
  4 centaurs
  A phantom (Temple)
  6 bullfrogs
  A gnoll sergeant (D:8)
  5 kobold brigands
  3 scorpions (D:5)
  Dowan (D:4)
  19 killer bees
  7 howler monkeys
  4 hounds
  2 orc priests
  A gnoll bouda (D:8)
  A sleepcap (Temple)
  4 iguanas
  Ijyb (D:5)
  6 orc wizards
  9 gnolls
  9 adders
  A shadow imp (D:6)
  3 white imps
  2 ufetubi
  A worm (D:2)
  4 dart slugs
  32 orcs
  7 endoplasms
  8 giant cockroaches
  6 goblins
  7 hobgoblins
  6 jackals
  9 quokkas
  7 ball pythons
  3 bats
  4 frilled lizards
  30 kobolds
  10 rats
284 creatures vanquished.

Notes
Turn   | Place    | Note
-------+----------+-------------------------------------------
     0 | D:1      | Peloso the Minotaur Fighter began the quest for the Orb.
     0 | D:1      | Reached XP level 1. HP: 19/19 MP: 0/0
   145 | D:1      | Reached XP level 2. HP: 27/27 MP: 1/1
   230 | D:1      | Reached skill level 4 in Armour
   411 | D:1      | Reached XP level 3. HP: 33/33 MP: 2/2
   886 | D:2      | Reached XP level 4. HP: 37/40 MP: 3/3
  1231 | D:3      | You fall into a shaft and drop 3 floors!
  1239 | D:6      | Noticed Sigmund
  1241 | D:6      | Noticed a bullfrog
  1247 | D:6      | Killed a bullfrog
  1248 | D:6      | Reached XP level 5. HP: 28/46 MP: 4/4
  1252 | D:6      | Killed Sigmund
  1253 | D:6      | Reached skill level 5 in Long Blades
  1253 | D:6      | Reached skill level 5 in Armour
  1253 | D:6      | Reached skill level 1 in Dodging
  1253 | D:6      | Reached XP level 6. HP: 13/53 MP: 5/5
  1415 | D:5      | Entered Level 5 of the Dungeon
  1440 | D:5      | Noticed Ijyb
  1542 | D:5      | Killed Ijyb
  1659 | D:5      | Found a staircase to the Ecumenical Temple.
  1667 | Temple   | Entered the Ecumenical Temple
  1684 | Temple   | Became a worshipper of Warmaster Okawaru
  1829 | Temple   | Reached skill level 1 in Stealth
  1829 | Temple   | Reached XP level 7. HP: 45/60 MP: 6/6
  2155 | D:3      | Found a glowing golden altar of the Shining One.
  2480 | D:3      | Found a sacrificial altar of Ru.
  3287 | D:4      | Noticed Eustachio
  3291 | D:4      | Noticed Duvessa
  3294 | D:4      | Noticed Dowan
  3300 | D:4      | Killed Eustachio
  3300 | D:4      | Reached * piety under Okawaru
  3301 | D:4      | Reached skill level 5 in Fighting
  3301 | D:4      | Reached skill level 6 in Armour
  3301 | D:4      | Reached skill level 5 in Shields
  3303 | D:4      | Killed Duvessa
  3506 | D:4      | Killed Dowan
  3717 | D:4      | Noticed Menkaure
  3723 | D:4      | Killed Menkaure
  3724 | D:4      | Reached XP level 8. HP: 18/68 MP: 7/7
  4381 | D:5      | Reached ** piety under Okawaru
  4722 | D:6      | Reached skill level 7 in Armour
  4801 | D:6      | Noticed Maggie
  4816 | D:6      | Killed Maggie
  5005 | D:6      | Noticed Pikel
  5033 | D:6      | Reached skill level 8 in Armour
  5045 | D:5      | Killed Pikel
  5045 | D:5      | Reached *** piety under Okawaru
  5046 | D:5      | Reached XP level 9. HP: 61/75 MP: 8/8
  5285 | D:6      | Found the +5 Force Lance {heavy, knockback}
  5329 | D:6      | Found a hazy altar of Hepliaklqana.
  5329 | D:6      | Found a snail-covered altar of Cheibriados.
  5394 | D:7      | Found Pako's Weapon Shoppe.
  5560 | D:7      | Reached skill level 9 in Armour
  6242 | D:7      | Found a blossoming altar of Fedhas.
  6249 | D:7      | Found a stormy altar of Qazlal.
  6249 | D:7      | Found a white marble altar of Elyvilon.
  6512 | D:7      | Reached **** piety under Okawaru
  6670 | D:7      | Reached skill level 1 in Polearms
  7764 | D:8      | Reached skill level 10 in Armour
  7958 | D:8      | Reached XP level 10. HP: 78/86 MP: 9/9
  7999 | D:8      | Reached skill level 5 in Polearms
  8001 | D:8      | Reached ***** piety under Okawaru
  8271 | D:9      | Identified the +6 bardiche of Cowardice {freeze, rElec
                  | rPois Int-3 Stlth+} (Okawaru gifted it to you on level 9 of
                  | the Dungeon)
  8271 | D:9      | Received a gift from Okawaru
  8683 | D:9      | Reached skill level 11 in Armour
  8920 | D:9      | Found Weomod's Armour Shop.
  9217 | D:10     | Entered Level 10 of the Dungeon
  9539 | D:10     | Noticed Maurice
  9580 | D:10     | Killed Maurice
  9887 | D:10     | Noticed Erica
  9899 | D:10     | Killed Erica
  9900 | D:10     | Reached XP level 11. HP: 61/95 MP: 5/10
 10112 | D:10     | Noticed Fannar
 10121 | D:10     | Killed Fannar
 10122 | D:10     | Reached skill level 12 in Armour
 10122 | D:10     | Reached skill level 5 in Dodging
 10441 | D:11     | Received a gift from Okawaru
 10453 | D:11     | Reached skill level 1 in Invocations
 10926 | D:11     | Found a staircase to the Lair.
 11265 | D:11     | Found a staircase to the Orcish Mines.
 11294 | D:11     | Found Nilinied's Armour Emporium.
 11300 | D:11     | Noticed a boulder beetle
 11310 | D:11     | Identified the +3 demon trident of Cifeado {freeze, MP+9}
                  | (Okawaru gifted it to you on level 11 of the Dungeon)
 11310 | D:11     | Received a gift from Okawaru
 11314 | D:11     | Killed a boulder beetle
 11375 | D:11     | Bought a +0 kite shield of protection for 161 gold pieces
 11756 | D:11     | Found Isoa's Armour Shoppe.
 12136 | D:11     | Reached skill level 10 in Polearms
 12473 | D:12     | Noticed a soul eater
 12635 | D:12     | Identified the +5 halberd of the Changing Hawk {heavy,
                  | Fragile rElec rN+ Dex+2} (Okawaru gifted it to you on level
                  | 12 of the Dungeon)
 12635 | D:12     | Received a gift from Okawaru
 12642 | D:12     | Noticed Josephine
 12659 | D:12     | Reached skill level 10 in Fighting
 12660 | D:12     | Killed from afar by Josephine

Illustrated notes

Levels and vault maps discovered:
D:1:      heliophobic_arrival_battle_scene, layout_basic, serial_corexii_hall,
          chequers_hall_statues_wall_a, chequers_hall_statues_y,
          minmay_misc_feat_tiny, due_unseen_surprise
D:2:      layout_rooms
D:3:      minmay_spotlight, layout_loops_ring, mainiacjoe_overflow_brackets,
          general_overflow_altar, portal_sewer_entry_a
D:4:      layout_gridville, uniq_menkaure, uniq_eustachio, uniq_duvessa
D:5:      layout_cave_pods, minmay_temple_entry_wispy, grunt_ministairs_11,
          uniq_ijyb
D:6:      layout_cave_pools, mainiacjoe_overflow_divided_tiny, uniq_sigmund,
          uniq_pikel, uniq_maggie
D:7:      layout_basic, grunt_temple_overflow_open, serial_shops,
          nicolae_shop_bloodbath_and_beyond, serial_aquarium,
          aquarium_bridge_long_separate [aquarium_subvault_window,
          aquarium_subvault_bridge, aquarium_subvault_window,
          aquarium_subvault_wall, aquarium_subvault_bridge,
          aquarium_subvault_window], aquarium_window_2, aquarium_window_1,
          aquarium_window_double, aquarium_window_1, aquarium_view_2e,
          aquarium_view_2c, aquarium_balcony_3a
D:8:      layout_loops_corners, kennysheep_diamond
D:9:      layout_basic, serial_shops, kennysheep_mini_moat, hangedman_misty_isle
D:10:     layout_stronghold, nicolae_twisting_strands, minivault_27, uniq_erica,
          uniq_maurice, uniq_fannar
D:11:     layout_basic, david_lair_shrubbed, orc_david_3, serial_shops,
          nicolae_take_the_stairs
D:12:     layout_grid_maze, uniq_josephine, uniq_rupert, uniq_sonja, uniq_azrael
Temple:   minmay_freezing_vapour_temple

Skill      XL: |  1  2  3  4  5  6  7  8  9 10 11 |
---------------+----------------------------------+-----
Armour         | 4 5 6 8 10 11 12 | 12.9
Shields        | 4 5 7 8 |  8.9
Fighting       | 4 5 6 7 8 10 | 10.0
Long Blades    | 3 4 5 7 9 |  9.4
Dodging        | 1 2 3 4 5 |  5.8
Stealth        | 1 |  1.4
Polearms       | 4 7 10 | 10.4
Invocations    | 1 |  1.9

Action                     |  1- 3 |  4- 6 |  7- 9 | 10-12 || total
---------------------------+-------+-------+-------+-------++-------
  Melee: Long sword        |    88 |    61 |   133 |       ||   282
         Headbutt          |    12 |    14 |    32 |    56 ||   114
         Lance             |       |       |   130 |   341 ||   471
 Invoke: Heroism           |       |       |     1 |     7 ||     8
    Use: Potion            |       |     6 |     1 |     2 ||     9
         Scroll            |       |       |    18 |     3 ||    21
 Armour: Scale mail        |    30 |       |       |       ||    30
         Chain mail        |    36 |    30 |   217 |   233 ||   516
  Dodge: Dodged            |    58 |    28 |   206 |   188 ||   480
  Block: Buckler           |    28 |    15 |    95 |    63 ||   201
         Kite shield       |       |       |       |    67 ||    67
